cohdb
Replays
Latest Replays
All Replays
Popular Replays
Top Player Replays
Match Explorer
How It Works
Community
CoH3 Stats
Reddit
Sign in to upload your games and track your stats! →
Sign in with Steam
Match 41215287
Unlisted
Match 41215287
Overview
Messages
Build Orders
End
Royal Engineer Section
Construct Section Command Post
Dingo Light Scout Car
Infantry Section
Infantry Section
Construct Platoon Command Post
Selects Heavy Armor Battlegroup
Selects Rigorous Vehicle Training
Humber Armored Car
Infantry Section
Grenade Package
6-pounder Anti-tank Gun Team
Construct Field Infirmary
sw
Auxiliary Priest
George H. W. Bush
Konrad Curze
0
0
Comments
sign in to comment!
No comments posted yet!